 Dungeon Crawl Stone Soup version 0.18.1-1-g2f07953 (webtiles) character file.

8635 shmeve the Blocker (level 11, -3/99 HPs)
             Began as a Minotaur Berserker on May 7, 2016.
             Was a High Priest of Trog.
             Slain by a spiny frog (13 damage)
             ... on level 2 of the Lair of Beasts.
             The game lasted 00:34:04 (8624 turns).

shmeve the Blocker (Minotaur Berserker)             Turns: 8624, Time: 00:34:05

Health: -3/99      AC: 13    Str: 24    XL:     11   Next: 12%
Magic:  10/10      EV:  9    Int:  7    God:    Trog [*****.]
Gold:   414        SH:  6    Dex: 10    Spells: 0 memorised, 10 levels left

rFire  . . .     SeeInvis .     s - +0 war axe of Wequexem {venom, rPois MR+ Int+2} (curse)
rCold  . . .     Gourm    .     x - +0 plate armour
rNeg   . . .     Faith    .     k - +0 buckler
rPois  +         Spirit   .     (helmet restricted)
rElec  .         Dismiss  .     (no cloak)
rCorr  .         Reflect  .     (no gloves)
SustAt .         Harm     .     (no boots)
MR     +....                    (no amulet)
Stlth  ..........               (no ring)
                                (no ring)

@: somewhat resistant to hostile enchantments, extremely unstealthy
A: retaliatory headbutt, horns 2
a: Berserk, Trog's Hand, Brothers in Arms, Burn Spellbooks, Renounce Religion


You were on level 2 of the Lair of Beasts.
You worshipped Trog.
Trog was extremely pleased with you.
You were not hungry.

You visited 3 branches of the dungeon, and saw 11 of its levels.

You collected 479 gold pieces.
You spent 65 gold pieces at shops.

Inventory:

Hand Weapons
 s - the cursed +0 war axe of Wequexem (weapon) {venom, rPois MR+ Int+2}
   (You found it on level 2 of the Lair of Beasts)

   It poisons the flesh of those it strikes.
   It affects your intelligence (+2).
   It protects you from poison.
   It affects your resistance to hostile enchantments.
   It has a curse placed upon it.
 A - a +0 broad axe
Armour
 k - a +0 buckler (worn)
 x - a +0 plate armour (worn)
Scrolls
 a - a scroll of summoning {unknown}
 e - 2 scrolls of blinking {unknown}
 h - 3 scrolls of identify
 i - 5 scrolls of remove curse
 j - 3 scrolls of teleportation
 r - 3 scrolls of fog
 v - a scroll of recharging
 w - 2 scrolls of fear
 B - a scroll of silence (quivered)
 C - a scroll of amnesia {unknown}
 D - a scroll of immolation {unknown}
 E - a scroll of acquirement {unknown}
 G - a scroll of enchant armour {unknown}
Potions
 b - a potion of berserk rage {unknown}
 g - a potion of cancellation
 l - a potion of ambrosia {unknown}
 m - 5 potions of curing
 n - a potion of resistance {unknown}
 o - 3 potions of flight {unknown}
 p - 2 potions of haste
 u - a potion of agility {unknown}
 z - a potion of magic {unknown}
Books
 y - a book of Battle

   Spells                             Type                      Level
   a - Infusion                       Charms                       1
   b - Shroud of Golubria             Charms/Translocation         2
   c - Song of Slaying                Charms                       2
   d - Spectral Weapon                Hexes/Charms                 3
   e - Regeneration                   Charms/Necromancy            3
   Trog disapproves of the use of such an item.
Comestibles
 c - 6 bread rations
 d - 2 slices of pizza
 f - a beef jerky
 q - 5 fruits
 t - 2 meat rations
 F - 2 chunks of flesh


   Skills:
 * Level 9.7 Fighting
 * Level 10.0 Axes
 + Level 5.1 Throwing
 + Level 6.6 Armour
 + Level 6.4 Dodging
 * Level 11.6 Shields


You had 10 spell levels left.
You didn't know any spells.

Dungeon Overview and Level Annotations

Branches:
Dungeon (8/15)             Temple (1/1) D:6            Lair (2/8) D:8

Altars:
Ashenzari
Elyvilon
Fedhas
Gozag
Kikubaaqudgha
Makhleb
Nemelex Xobeh
Okawaru
Pakellas
Qazlal
Ru
Sif Muna
Trog
Vehumet
Xom
Zin

Shops:
D:6 *   D:7 *


Innate Abilities, Weirdness & Mutations

You reflexively headbutt those who attack you in melee.
You have a pair of horns on your head.


Message History

You continue eating. x2
A spiny frog comes into view.
A spiny frog is nearby!
The spiny frog gives a loud, deep croak!
You block the spiny frog's attack. x2
You closely miss the spiny frog. You block the spiny frog's attack.
You closely miss the spiny frog. You block the spiny frog's attack.
Your plate armour prevents you from hitting the spiny frog.
You headbutt the spiny frog, but do no damage.
The spiny frog closely misses you.
You slash the spiny frog! Your headbutt misses the spiny frog.
The spiny frog is moderately wounded.
The spiny frog stings you!
* * * LOW HITPOINT WARNING * * *
You hit the spiny frog but do no damage.
You headbutt the spiny frog, but do no damage.
The spiny frog is moderately wounded.
The spiny frog barely misses you. You furiously retaliate!
You headbutt the spiny frog. The spiny frog stings you!
You die...

.....................P#.#..
...........................
...........................
.........................#.
♣.....................###..
.≈.♣.......................
≈.≈≈....##.P..)............
≈≈..≈≈....##F..##........<..
≈≈≈.≈≈≈..†)@#..####.........
≈≈≈...≈...#.#.#.# ##...>....
.≈.≈≈..≈♣.###.#.###...##..#÷
≈.≈≈≈≈≈....##...............
≈≈.≈≈≈≈≈..###.........#..#..
..≈........##}..............
.≈.....≈...##...............
≈.≈..≈≈.♣.###...............
...≈≈≈....# ##.##.########.#


You could see a spiny frog.

Vanquished Creatures
  Pikel (D:4)
  A black mamba (Lair:2)
  4 spiny frogs
  4 blink frogs (Lair:2)
  Sigmund (D:4)
  Eustachio (D:5)
  6 yaks (Lair:1)
  3 hippogriffs
  Menkaure (D:5)
  4 porcupines
  2 orc warriors
  4 slaves (D:4)
  2 black bears
  2 sky beasts
  A necrophage (D:8)
  A phantom (D:7)
  An ice beast (D:7)
  2 wolves (Lair:2)
  3 centaurs
  2 ogres (D:5)
  Blork the orc (D:4)
  8 giant frogs
  A gnoll sergeant (D:8)
  8 scorpions
  An electric eel (Lair:2)
  A howler monkey (D:6)
  A crimson imp (D:6)
  A giant frog zombie (D:8)
  3 hounds
  2 quasits
  2 orc priests
  2 centaur skeletons (D:7)
  6 orc wizards
  Terence (D:3)
  5 iguanas
  8 worker ants
  4 hound skeletons
  A worker ant zombie (D:8)
  Robin (D:4)
  3 gnolls (D:8)
  9 adders
  23 river rats
  2 shadow imps
  2 oozes
  3 worms
  6 dart slugs
  6 giant geckos
  21 orcs
  A ball python (D:1)
  6 giant cockroaches
  5 hobgoblins
  13 jackals
  10 quokkas
  9 bats
  6 giant newts
  13 goblins
  11 kobolds
  A quokka zombie (D:5)
  9 rats
  2 fungi (Lair:2)
264 creatures vanquished.

Notes
Turn   | Place    | Note
--------------------------------------------------------------
     0 | D:1      | shmeve the Minotaur Berserker began the quest for the Orb.
     0 | D:1      | Reached XP level 1. HP: 19/19 MP: 0/0
   164 | D:1      | Reached XP level 2. HP: 27/27 MP: 1/1
   382 | D:1      | Reached ** piety under Trog
   481 | D:1      | Reached XP level 3. HP: 32/33 MP: 2/2
   818 | D:2      | Found a sacrificial altar of Ru.
  1082 | D:2      | Reached XP level 4. HP: 16/40 MP: 3/3
  1739 | D:3      | Reached skill level 1 in Throwing
  1744 | D:3      | Reached skill level 5 in Axes
  1755 | D:3      | Noticed Terence
  1759 | D:3      | Killed Terence
  1759 | D:3      | Reached *** piety under Trog
  1840 | D:3      | Reached XP level 5. HP: 41/47 MP: 4/4
  1936 | D:3      | Found a bloodstained altar of Trog.
  2591 | D:4      | Noticed Sigmund
  2598 | D:4      | Noticed Blork the orc
  2599 | D:4      | Reached skill level 5 in Fighting
  2602 | D:4      | Killed Sigmund
  2602 | D:4      | Reached XP level 6. HP: 56/56 MP: 5/5
  2614 | D:4      | HP: 1/56 [something/puff of flame (8)]
  2619 | D:4      | HP: 1/56 [something/magic dart (2)]
  2621 | D:4      | Killed Blork the orc
  2621 | D:4      | Reached XP level 7. HP: 3/62 MP: 6/6
  3067 | D:4      | Noticed Robin
  3073 | D:4      | Killed Robin
  3145 | D:4      | Noticed Pikel
  3157 | D:4      | Killed Pikel
  3157 | D:4      | Reached **** piety under Trog
  3157 | D:4      | Reached XP level 8. HP: 37/73 MP: 7/7
  3562 | D:5      | Entered Level 5 of the Dungeon
  3566 | D:5      | Found an oddly glowing altar of Pakellas.
  3595 | D:5      | Reached skill level 5 in Armour
  3595 | D:5      | Reached skill level 5 in Dodging
  3599 | D:5      | Noticed Menkaure
  3604 | D:5      | Killed Menkaure
  3675 | D:5      | Noticed Eustachio
  3719 | D:5      | Killed Eustachio
  4027 | D:5      | Reached XP level 9. HP: 81/81 MP: 8/8
  4325 | D:6      | Found Dicasaga's General Store.
  4450 | D:6      | Found a staircase to the Ecumenical Temple.
  4916 | Temple   | Entered the Ecumenical Temple
  4963 | D:7      | Found a blossoming altar of Fedhas.
  5065 | D:7      | Received a gift from Trog
  5461 | D:7      | Found Peudghoe's General Store.
  5469 | D:7      | Bought a potion of heal wounds for 65 gold pieces
  5674 | D:7      | Found a white marble altar of Elyvilon.
  5919 | D:8      | Reached skill level 1 in Shields
  5932 | D:8      | Reached skill level 2 in Shields
  5983 | D:8      | Reached skill level 3 in Shields
  6045 | D:8      | Found a staircase to the Lair.
  6093 | D:8      | Reached skill level 4 in Shields
  6340 | D:8      | Reached XP level 10. HP: 91/91 MP: 9/9
  6504 | Lair:1   | Entered Level 1 of the Lair of Beasts
  6538 | Lair:1   | Reached skill level 5 in Shields
  6578 | Lair:1   | Reached ***** piety under Trog
  6666 | Lair:1   | Reached skill level 6 in Shields
  6669 | Lair:1   | Reached skill level 7 in Shields
  6991 | Lair:1   | Noticed a spiny frog
  6998 | Lair:1   | Killed a spiny frog
  6998 | Lair:1   | Reached skill level 8 in Shields
  7125 | Lair:1   | Noticed a spiny frog
  7133 | Lair:1   | Killed a spiny frog
  7386 | Lair:1   | Reached skill level 9 in Shields
  7544 | Lair:1   | Found an ancient bone altar of Kikubaaqudgha.
  7809 | Lair:2   | Noticed a spiny frog
  7819 | Lair:2   | Killed a spiny frog
  7819 | Lair:2   | Reached skill level 10 in Shields
  8344 | Lair:2   | Noticed a spiny frog
  8358 | Lair:2   | Killed a spiny frog
  8358 | Lair:2   | Reached skill level 11 in Shields
  8377 | Lair:2   | Got a dazzling war axe
  8378 | Lair:2   | Identified the cursed +0 war axe of Wequexem {venom, rPois MR+ Int+2} (You found it on level 2 of the Lair of Beasts)
  8424 | Lair:2   | Reached XP level 11. HP: 71/97 MP: 10/10
  8475 | Lair:2   | Reached skill level 5 in Throwing
  8602 | Lair:2   | Received a gift from Trog
  8602 | Lair:2   | Reached skill level 10 in Axes
  8624 | Lair:2   | Slain by a spiny frog

Skill      XL: |  1  2  3  4  5  6  7  8  9 10 11 |
---------------+----------------------------------+-----
Axes           | 4 5 6 7 8 9 10 | 10.0
Fighting       | 4 5 7 8 9 |  9.7
Throwing       | 1 2 3 4 5 |  5.1
Dodging        | 3 4 5 6 |  6.4
Armour         | 3 4 5 6 |  6.6
Shields        | 4 11 | 11.6

Action                   |  1- 3 |  4- 6 |  7- 9 | 10-12 || total
-------------------------+-------+-------+-------+-------++-------
Melee: Hand axe          |   112 |    41 |       |       ||   153
       Headbutt          |    15 |    13 |    52 |    30 ||   110
       War axe           |       |    60 |   351 |    49 ||   460
       Broad axe         |       |       |       |   115 ||   115
Invok: Berserk           |       |     2 |     5 |     2 ||     9
       Trog's Hand       |       |     2 |     4 |     1 ||     7
  Use: Potion            |       |     2 |       |     2 ||     4
       Scroll            |       |       |    14 |       ||    14
  Eat: Chunk             |     1 |     6 |    11 |    10 ||    28
       Meat ration       |       |       |     1 |       ||     1
       Fruit             |       |       |     4 |       ||     4
Armor: Animal skin       |    14 |       |       |       ||    14
       Scale mail        |    32 |    21 |       |       ||    53
       Chain mail        |       |    56 |   145 |       ||   201
       Plate armour      |       |       |    91 |    81 ||   172
Dodge: Dodged            |    76 |    52 |   224 |   100 ||   452
Block: Buckler           |       |       |       |    63 ||    63
